 Dungeon Crawl Stone Soup version 0.19-a0-1051-gdb7e7f8 (webtiles) character file.

56 Rome the Chopper (level 3, -4/33 HPs)
             Began as a Minotaur Monk on Aug 2, 2016.
             Was an Initiate of Vehumet.
             Slain by an ogre
             ... wielding a +0 giant club
              (12 damage)
             ... on level 3 of the Dungeon.
             The game lasted 00:16:04 (2203 turns).

Rome the Chopper (Minotaur Monk)                    Turns: 2203, Time: 00:16:04

Health: -4/33      AC:  3    Str: 16    XL:     3   Next: 69%
Magic:  2/2        EV:  8    Int:  7    God:    Vehumet [......]
Gold:   56         SH:  0    Dex: 12    Spells: 0 memorised, 2 levels left

rFire  . . .     SeeInvis .     a - +1 hand axe
rCold  . . .     Gourm    .     e - +0 leather armour
rNeg   + . .     Faith    .     (no shield)
rPois  .         Spirit   .     (helmet restricted)
rElec  .         Dismiss  .     (no cloak)
rCorr  .         Reflect  .     (no gloves)
SustAt .         Harm     .     (no boots)
MR     .....                    (no amulet)
Stlth  +.........               (no ring)
                                d - ring of positive energy

@: not resistant to hostile enchantments, very unstealthy
A: retaliatory headbutt, horns 2
a: Renounce Religion


You were on level 3 of the Dungeon.
You worshipped Vehumet.
Vehumet was noncommittal.
You were not hungry.

You visited 1 branch of the dungeon, and saw 3 of its levels.

You collected 56 gold pieces.

Inventory:

Hand Weapons
 a - a +1 hand axe (weapon)
 i - a +0 vampiric dagger
Missiles
 f - 2 tomahawks (quivered)
Armour
 b - a +0 robe
 e - a +0 leather armour (worn)
Jewellery
 d - a ring of positive energy (left hand)
Scrolls
 g - a scroll of remove curse
 j - a scroll of identify
 l - a scroll of teleportation
Comestibles
 c - a bread ration
 h - 2 meat rations


   Skills:
 + Level 4.2 Fighting
 + Level 4.4 Axes
 + Level 4.0 Dodging
 + Level 1.8 Stealth


You had 2 spell levels left.
You didn't know any spells.

Dungeon Overview and Level Annotations

Branches:
Dungeon (3/15)

Altars:
Fedhas
Kikubaaqudgha
Vehumet
Yredelemnul


Innate Abilities, Weirdness & Mutations

You reflexively headbutt those who attack you in melee.
You have a pair of horns on your head.


Message History

The bat completely misses you. You furiously retaliate!
You headbutt the bat, but do no damage. The bat barely misses you.
The bat closely misses you.
There is an open door here.
You closely miss the bat. Your headbutt misses the bat.
The bat closely misses you. The bat hits you.
You slash the bat!
You kill the bat!
Vehumet accepts your kill.
You barely miss the ogre. You headbutt the ogre.
The ogre is lightly wounded.
The ogre closely misses you.
You hit the ogre.
The ogre is lightly wounded.
The ogre hits you with a giant club!!
Ouch! That really hurt!
* * * LOW HITPOINT WARNING * * *
There is a stone staircase leading up here.
The ogre hits you with a giant club!
You die...

. #..
###+####....
#...........
#...........
#@O.........
###r####....
##.#### .
#.....#
#.##### #.#
#.# #.# #.#


You could see an ogre and a quokka.

Vanquished Creatures
  An ooze (D:1)
  2 dart slugs
  2 giant geckos
  5 bats
  3 giant cockroaches
  6 goblins
  8 hobgoblins
  4 jackals (D:1)
  2 giant newts (D:2)
  2 kobolds
  7 rats
42 creatures vanquished.

Notes
Turn   | Place    | Note
-------+----------+-------------------------------------------
     0 | D:1      | Rome the Minotaur Monk began the quest for the Orb.
     0 | D:1      | Reached XP level 1. HP: 19/19 MP: 0/0
   114 | D:1      | Reached XP level 2. HP: 26/27 MP: 1/1
   652 | D:1      | Reached XP level 3. HP: 32/33 MP: 2/2
   840 | D:2      | Found a basalt altar of Yredelemnul.
   850 | D:2      | Found an ancient bone altar of Kikubaaqudgha.
   859 | D:2      | Found a blossoming altar of Fedhas.
  1286 | D:2      | Became a worshipper of Fedhas Madash
  1286 | D:2      | Reached * piety under Fedhas
  1286 | D:2      | Reached ** piety under Fedhas
  1410 | D:2      | Found a radiant altar of Vehumet.
  1494 | D:2      | Fell from the grace of Fedhas
  1494 | D:2      | Became a worshipper of Vehumet
  2177 | D:3      | Noticed an ogre
  2203 | D:3      | Slain by an ogre

Vault maps used:
D:1:      minmay_arrival_semitransparent
D:2:      grunt_temple_overflow_diamond, lemuel_doored_altar
D:3:      overflow_temple_1_default, ecumenical_altar_1

Skill      XL: |  1  2  3 |
---------------+----------+-----
Axes           | 4 |  4.4
Fighting       | 4 |  4.2
Dodging        | 4 |  4.0
Stealth        | |  1.8

Action                   || total
-------------------------++-------
Melee: Hand axe          ||    65
       Headbutt          ||    11
  Use: Potion            ||     1
       Scroll            ||     7
 Stab: Sleeping          ||     1
  Eat: Bread ration      ||     1
       Royal jelly       ||     1
Armor: Robe              ||     5
       Leather armour    ||    18
Dodge: Dodged            ||    51
